 Dungeon Crawl Stone Soup version 0.12.2-13-gffed442 (webtiles) character file.

809 BorisCarlOrff the Covered (level 6, -2/49 HPs)
             Began as a Minotaur Wanderer on July 30, 2013.
             Was a Believer of Makhleb.
             Slain by Prince Ribbit (12 damage)
             ... on Level 5 of the Dungeon.
             The game lasted 00:18:39 (4235 turns).

BorisCarlOrff the Covered (Minotaur Wanderer)       Turns: 4235, Time: 00:18:39

HP  -2/49        AC 11     Str 22      XL: 6   Next: 92%
MP   4/4         EV  9     Int  6      God: Makhleb [**....]
Gold 314         SH  0     Dex  9      Spells:  0 memorised,  5 levels left

Res.Fire  : . . .   See Invis. : .   p - +1,+2 dwarf short sword (protect)
Res.Cold  : . . .   Warding    : .   b - +0 ring mail
Life Prot.: . . .   Conserve   : .   (no shield)
Res.Poison: .       Res.Corr.  : .   (helmet restricted)
Res.Elec. : .       Clarity    : .   (no cloak)
Sust.Abil.: . .     Spirit.Shd : .   (no gloves)
Res.Mut.  : .       Stasis     : .   (no boots)
Res.Rott. : .       Ctrl.Telep.: .   (no amulet)
Saprovore : . . .   Flight     : .   (no ring)
                                     (no ring)

@: slightly resistant to hostile enchantments, very unstealthy
A: retaliatory headbutt, horns 2
a: Minor Destruction, Renounce Religion


You were on level 5 of the Dungeon.
You worshipped Makhleb.
Makhleb was most pleased with you.
You were not hungry.

You visited 1 branch of the dungeon, and saw 6 of its levels.

You collected 264 gold pieces.

Inventory:

Hand weapons
 k - a +1,+1 spear (quivered)
 p - a +1,+2 dwarven short sword of protection (weapon)
Armour
 b - a +0 ring mail (worn)
Comestibles
 c - 2 bread rations
 n - an apricot
Scrolls
 a - a scroll of fog
 d - 2 scrolls of teleportation
 f - 3 scrolls of identify
 i - 4 scrolls of remove curse {unknown}
 l - a scroll of vulnerability {unknown}
Jewellery
 o - an uncursed ring of magical power {unknown}
Potions
 e - a potion of degeneration {unknown}
 g - a potion of cure mutation {unknown}
 h - a potion of invisibility {unknown}
 j - 2 potions of restore abilities {unknown}
Books
 m - a book of Party Tricks

   Spells                             Type                      Level
   Summon Butterflies                 Summoning                    1
   Apportation                        Translocation                1
   Blink                              Translocation                2
   Alistair's Intoxication            Transmutation/Poison         4
   Tukima's Dance                     Hexes                        5


   Skills:
 + Level 5.1 Fighting
 + Level 1.5 Short Blades
   Level 5.0 Maces & Flails
 - Level 5.9 Armour
 * Level 3.2 Dodging
 + Level 0.6 Stealth
   Level 1.2 Shields
 + Level 1.0 Invocations


You had 5 spell levels left.
You didn't know any spells.

Dungeon Overview and Level Annotations

Branches:
Dungeon (6/27)
 Temple: D:4-7          Orc: D:6-11

Altars:
Fedhas
Makhleb
Sif Muna
Trog
Xom

Shops:
D:5: %

Annotations
D:5 Prince Ribbit


Innate Abilities, Weirdness & Mutations

You reflexively headbutt those who attack you in melee.
You have a pair of horns on your head.


Message History

Prince Ribbit is severely wounded.
Prince Ribbit hits you!
* * * LOW HITPOINT WARNING * * *
You hit Prince Ribbit.
You headbutt Prince Ribbit, but do no damage.
Prince Ribbit is almost dead.
Prince Ribbit hits you but does no damage.
You miss Prince Ribbit.
Prince Ribbit is severely wounded.
Prince Ribbit hits you.
* * * LOW HITPOINT WARNING * * *
Prince Ribbit mumbles some strange words.
Prince Ribbit looks slightly unstable.
You hit Prince Ribbit.
Prince Ribbit is almost dead.
Prince Ribbit barely misses you.
You miss Prince Ribbit.
Prince Ribbit is almost dead.
Prince Ribbit barely misses you. Prince Ribbit hits you!
You die...

#....#############.#############
#...............................
#....#########.....############.
#....# #..................
#.>..# #.....############.
#....# #.....# #.
#....###########.#.# #.
#.#.>.........##.#.############.
#.#...........)@F...............
#.#...........##...############.
#.#...........##...# #.
#.#...........##...############.
#.#.............................
#.#...........##...#######.)....
#............!..................
###.####.#######...#######......
#.# #.# #...# #......


You could see Prince Ribbit.

Vanquished Creatures
  A phantom (D:4)
  A hound (D:2)
  A gnoll shaman (D:4)
  2 scorpions
  An orc wizard (D:3)
  A worker ant (D:4)
  Ijyb (D:5)
  A jelly (D:5)
  6 gnolls (D:4)
  5 adders
  3 giant mites
  2 worms
  A bat zombie (D:5)
  A giant eyeball (D:5)
  2 giant geckos
  An ooze (D:3)
  7 orcs
  2 ball pythons
  2 giant cockroaches (D:3)
  12 goblins
  3 hobgoblins
  8 jackals
  3 quokkas
  15 bats
  2 giant newts (D:2)
  5 kobolds
  A kobold skeleton (D:4)
  A kobold zombie (D:5)
  8 rats
99 creatures vanquished.

Vanquished Creatures (others)
  A goblin (D:2)
1 creature vanquished.

Grand Total: 100 creatures vanquished

Notes
Turn   | Place    | Note
--------------------------------------------------------------
     0 | D:1      | BorisCarlOrff, the Minotaur Wanderer, began the quest for the Orb.
     0 | D:1      | Reached XP level 1. HP: 15/15 MP: 1/1
   177 | D:1      | Reached XP level 2. HP: 19/22 MP: 1/1
   465 | D:1      | Reached skill level 4 in Fighting
   749 | D:2      | Reached XP level 3. HP: 28/28 MP: 2/2
   849 | D:2      | Found a deep blue altar of Sif Muna.
  1106 | D:2      | Found a burning altar of Makhleb.
  1112 | D:2      | Became a worshipper of Makhleb the Destroyer
  1122 | D:2      | Reached XP level 4. HP: 33/36 MP: 2/2
  1136 | D:2      | Found a blossoming altar of Fedhas.
  1844 | D:3      | Acquired Makhleb's first power
  1856 | D:3      | Reached skill level 1 in Dodging
  1856 | D:3      | Reached XP level 5. HP: 18/42 MP: 2/2
  1911 | D:3      | Found a bloodstained altar of Trog.
  2243 | D:3      | Reached skill level 5 in Fighting
  2840 | D:4      | Noticed a phantom
  2873 | D:4      | Killed a phantom
  2873 | D:4      | Reached skill level 5 in Armour
  2873 | D:4      | Reached XP level 6. HP: 25/49 MP: 4/4
  3033 | D:4      | Reached skill level 5 in Maces & Flails
  3054 | D:4      | Acquired Makhleb's second power
  3221 | D:5      | Entered Level 5 of the Dungeon
  3261 | D:5      | Noticed Ijyb
  3271 | D:5      | Killed Ijyb
  3271 | D:5      | Reached skill level 1 in Short Blades
  3921 | D:5      | Found a burning altar of Makhleb.
  3921 | D:5      | Found a shimmering altar of Xom.
  3978 | D:5      | Found Klazocw's Food Shop.
  3991 | D:5      | Paralysed by a giant eyeball for 2 turns
  3994 | D:5      | Paralysed by a giant eyeball for 3 turns
  4041 | D:5      | Noticed Prince Ribbit
  4235 | D:5      | Slain by Prince Ribbit

Action                   |  1- 3 |  4- 6 || total
-------------------------+-------+-------++-------
Melee: Mace              |    79 |    21 ||   100
       Short sword       |       |   198 ||   198
       Halberd           |       |     1 ||     1
Throw: Spear             |       |     3 ||     3
Invok: Minor Destruction |       |    13 ||    13
  Use: Scroll            |       |    10 ||    10
       Potion            |       |     6 ||     6
